 Dungeon Crawl Stone Soup version 0.18.1-48-g4cf74bf (webtiles) character file.

43 Melfield the Skirmisher (level 3, -1/30 HPs)
             Began as a Demonspawn Abyssal Knight on Aug 12, 2016.
             Was a Follower of Lugonu.
             Slain by a worm (3 damage)
             ... on level 2 of the Dungeon.
             The game lasted 00:03:02 (1104 turns).

Melfield the Skirmisher (Demonspawn Abyssal Knight) Turns: 1104, Time: 00:03:03

Health: -1/30      AC:  8    Str: 13    XL:     3   Next: 37%
Magic:  0/5        EV:  6    Int: 13    God:    Lugonu [*.....]
Gold:   56         SH:  0    Dex: 12    Spells: 0 memorised, 2 levels left

rFire  . . .     SeeInvis .     a - +1 hand axe
rCold  . . .     Gourm    .     e - +0 chain mail
rNeg   . . .     Faith    .     (no shield)
rPois  .         Spirit   +     (no helmet)
rElec  .         Dismiss  .     (no cloak)
rCorr  .         Reflect  .     (no gloves)
SustAt .         Harm     .     (no boots)
MR     .....                    g - amulet of guardian spirit
Stlth  ..........               (no ring)
                                (no ring)

@: not resistant to hostile enchantments, extremely unstealthy
A: hooves 1
a: Depart the Abyss, Renounce Religion


You were on level 2 of the Dungeon.
You worshipped Lugonu.
Lugonu was aware of your devotion.
You were hungry.

You visited 1 branch of the dungeon, and saw 2 of its levels.
You visited the Abyss 1 time.

You collected 56 gold pieces.

Inventory:

Hand Weapons
 a - a +1 hand axe (weapon)
Armour
 b - a +0 leather armour
 e - a +0 chain mail (worn)
Jewellery
 g - an amulet of guardian spirit (around neck)
Scrolls
 d - a scroll of remove curse {unknown}
 f - 2 scrolls of amnesia {unknown}
 i - a scroll of enchant weapon {unknown}
 j - a scroll of random uselessness {unknown}
 l - 2 scrolls of enchant armour {unknown}
 n - a scroll of identify {unknown}
Potions
 h - 2 potions of resistance {unknown}
 k - a potion of degeneration {unknown}
 o - a potion of haste {unknown}
Comestibles
 c - a bread ration
 m - a beef jerky


   Skills:
 + Level 3.8 Fighting
 + Level 2.2 Axes
 + Level 2.1 Armour
 + Level 0.8 Dodging
 + Level 2.7 Invocations


You had 2 spell levels left.
You didn't know any spells.

Dungeon Overview and Level Annotations

Branches:
Dungeon (2/15)

Altars:


Innate Abilities, Weirdness & Mutations

You have large cloven feet.


Message History

You hit the worm but do no damage.
The worm is lightly wounded.
The worm bites you but does no damage.
You hit the worm.
The worm is heavily wounded.
The worm bites you.
You hit the worm.
The worm is heavily wounded.
You hit the worm.
The worm is heavily wounded.
The worm bites you.
* * * LOW HITPOINT WARNING * * *
You hit the worm.
The worm is heavily wounded.
The worm bites you!
* * * LOW HITPOINT WARNING * * *
You hit the worm. You kick the worm, but do no damage.
The worm is severely wounded.
The worm bites you.
You die...

.........# .........#
#.......(# #........#
## .......# .. .....#.#
#################.....#
#........@w........#
#.##############...#
#.# ......# #.#
#....#... #.#
?.....#..... #.# ##
#..###.#...#.. #
####.#.. ..$ ..#......
#.##..#.#.# ### #.
###...#.
#.....#.#.#...#


You could see a worm.

Vanquished Creatures
  An adder (D:2)
  A dart slug (D:1)
  2 giant cockroaches (D:1)
  2 goblins (D:1)
  5 hobgoblins (D:1)
  3 jackals (D:2)
  A ball python (D:1)
  4 bats
  2 giant newts
  5 kobolds (D:1)
  3 rats (D:1)
29 creatures vanquished.

Notes
Turn   | Place    | Note
--------------------------------------------------------------
     0 | Abyss:1  | Melfield the Demonspawn Abyssal Knight began the quest for the Orb.
     0 | Abyss:1  | Reached XP level 1. HP: 18/18 MP: 2/2
     6 | Abyss:1  | Found a corrupted altar of Lugonu.
    10 | Abyss:1  | Found a corrupted altar of Lugonu.
   126 | Abyss:1  | Noticed an insubstantial wisp
   132 | D:1      | Escaped the Abyss
   336 | D:1      | Gained mutation: You have large cloven feet. [demonic ancestry]
   336 | D:1      | Reached XP level 2. HP: 24/24 MP: 3/3
   370 | D:1      | Reached * piety under Lugonu
  1027 | D:2      | Reached XP level 3. HP: 30/30 MP: 5/5
  1104 | D:2      | Slain by a worm

Skill      XL: |  1  2 |
---------------+-------+-----
Axes           | 2 |  2.2
Armour         | 2 |  2.1
Fighting       | |  3.8
Dodging        | |  0.8
Invocations    | |  2.7

Action                   || total
-------------------------++-------
Melee: Hand axe          ||   103
       Kick              ||    15
Invok: Depart the Abyss  ||     1
Armor: Chain mail        ||    96
Dodge: Dodged            ||    42
